 Dungeon Crawl Stone Soup version 0.28.0-1-gb440e238dd (webtiles) character file.

Game seed: 15515117962583293327

649 spaghetti the Chucker (level 7, -5/45 HPs)
             Began as an Octopode Hunter on Feb 21, 2022.
             Was a Believer of Fedhas.
             Slain by Edmund (10 damage)
             ... on level 5 of the Dungeon.
             The game lasted 00:05:53 (2690 turns).

spaghetti the Chucker (Octopode Hunter)             Turns: 2690, Time: 00:05:55

Health: -5/45      AC:  1    Str:  9 (11) XL:     7   Next: 53%
Magic:  7/7        EV: 14    Int: 11 (14) God:    Fedhas [**....]
Gold:   165        SH:  0    Dex: 12 (14) Spells: 6/6 levels left

rFire   . . .      SeeInvis .   a - +0 quarterstaff
rCold   . . .      Faith    .   (shield currently unavailable)
rNeg    . . .      Spirit   .   (helmet restricted)
rPois   .          Reflect  .   h - amulet of regeneration
rElec   .          Harm     .   (no ring)
rCorr   .          Rampage  .   (no ring)
Will    .....                   (no ring)
Stlth   +++.......              (no ring)
HPRegen 0.95/turn               (no ring)
MPRegen 0.10/turn               (no ring)
                                (no ring)
                                (no ring)

@: no status effects
A: almost no armour, amphibious, 8 rings, camouflage 1, gelatinous body 1,
(nimble swimmer 1), tentacles
a: Renounce Religion, Wall of Briars


You were on level 5 of the Dungeon.
You worshipped Fedhas.
Fedhas was pleased with you.
You visited 1 branch of the dungeon, and saw 4 of its levels.

You collected 191 gold pieces.
You spent 26 gold pieces at shops.

Inventory:

Hand Weapons
 a - a +0 quarterstaff (weapon)
 f - a +0 short sword
Missiles
 b - 2 javelins (quivered)
 l - 141 stones
Armour
 e - a +0 cloak
Jewellery
 h - an amulet of regeneration (around mantle)
 q - a ring of flight
 s - a ring of poison resistance
Wands
 i - a wand of paralysis (4)
 t - a wand of mindburst (13)
Scrolls
 d - 5 scrolls of teleportation {unknown}
 g - a scroll of silence {unknown}
 j - a scroll of holy word {unknown}
 k - a scroll of fog {unknown}
 m - a scroll of noise {unknown}
 n - a scroll of brand weapon {unknown}
Potions
 p - a potion of curing


   Skills:
 - Level 2.0 Fighting
 + Level 5.0 Staves
 + Level 5.8 Throwing
 + Level 4.6 Dodging
 - Level 1.3 Stealth


You had 6 spell levels left.
You didn't know any spells.
Your spell library contained the following spells:

 Spells                   Type           Power      Damage    Failure   Level
 Scorch                   Fire           0%         2d5       47%         2
 Conjure Flame            Conj/Fire      0%         6-21      71%         3
 Ignite Poison            Fire/Tmut/Pois 0%         N/A       71%         3
 Flame Wave               Conj/Fire      0%         2d4       98%         4
 Sticky Flame             Conj/Fire      0%         2d3       98%         4
 Summon Cactus Giant      Summ           0%         N/A       100%        6


Dungeon Overview and Level Annotations

Branches:
Dungeon (5/15)
 Temple: D:4-7

Altars:
Dithmenos
Fedhas
Zin

Shops:
D:1 *

Annotations:
D:5 Edmund


Innate Abilities, Weirdness & Mutations

You cannot wear most types of armour.
You are amphibious.
You can wear up to eight rings at the same time.
Your skin changes colour to match your surroundings (Stealth+).
Your rubbery body absorbs attacks. (AC +1, EV +1)
((You are camouflaged when in or above water. (Stealth+)))
You have tentacles for arms and can constrict up to eight enemies at once.


Message History

You hit Edmund but do no damage.
Edmund is moderately wounded.
You constrict Edmund, but do no damage.
Edmund struggles against the net.
You hit Edmund but do no damage. You squeeze Edmund, but do no damage.
Edmund is moderately wounded.
You constrict Edmund, but do no damage.
Edmund struggles against the net.
You strike the helpless Edmund from behind!
You hit Edmund but do no damage. You squeeze Edmund, but do no damage.
Edmund is moderately wounded.
You constrict Edmund.
Edmund struggles against the net.
You hit Edmund.
Edmund is heavily wounded.
You constrict Edmund.
Edmund asks, "Have you met my wondrous brother?"
Edmund struggles against the net.
The net rips apart, and Edmund comes free!
Aiming: Paralyse
Press: ? - help, Shift-Dir - straight line, f/p - Edmund
Aim: Edmund, wielding a +2 dire flail of protection and wearing a +0 chain mail (heavily wounded, constricted by you, chance to affect: 49%) Edmund resists with some effort.
You constrict Edmund.
Edmund hits you with a +2 dire flail of protection!
Aiming: Paralyse
Press: ? - help, Shift-Dir - straight line, f/p - Edmund
Aim: Edmund, wielding a +2 dire flail of protection and wearing a +0 chain mail (severely wounded, constricted by you, chance to affect: 49%) Edmund resists with some effort.
You constrict Edmund.
Edmund hits you with a +2 dire flail of protection.
* * * LOW HITPOINT WARNING * * *
Aiming: Paralyse
Press: ? - help, Shift-Dir - straight line, f/p - Edmund
Aim: Edmund, wielding a +2 dire flail of protection and wearing a +0 chain mail (severely wounded, constricted by you, chance to affect: 49%) Edmund resists with some effort.
You constrict Edmund.
Edmund hits you with a +2 dire flail of protection!
* * * LOW HITPOINT WARNING * * *
Aiming: Paralyse
Press: ? - help, Shift-Dir - straight line, f/p - Edmund
Aim: Edmund, wielding a +2 dire flail of protection and wearing a +0 chain mail (severely wounded, constricted by you, chance to affect: 49%) Edmund resists with some effort.
You constrict Edmund, but do no damage.
Edmund hits you with a +2 dire flail of protection!
You die...
Fedhas appreciates your contribution to the ecosystem.

#.######..### #[#
#.#.......... #.#
#.#.##.#.##.# #.#
#.#.##.#.##.# #.#
#.#.##....... #.#
#.#.##.#.#.## ##. #.#
#......#.....
.....###.###...##.#.#.#.
(....?@@.....#.##...#...
......##.#####.##.#.....
....# #.# #....#.#...
?.. (.# ##.##...)... .
#### #..##.#.##.#
#...........
#..##.###.##
#...........
#..####.###.


You could see Edmund.

Vanquished Creatures
  An ice beast (D:5)
  A necrophage (D:5)
  A bullfrog (D:4)
  3 scorpions (D:4)
  A water moccasin skeleton (D:4)
  2 hounds
  2 iguanas
  4 adders
  An adder skeleton (D:4)
  An orc (D:5)
  2 ball pythons
  5 endoplasms
  5 giant cockroaches
  5 hobgoblins
  2 jackals (D:2)
  3 kobolds
  2 quokkas
  A bat (D:2)
  A rat (D:1)
43 creatures vanquished.

Notes
Turn   | Place    | Note
-------+----------+-------------------------------------------
     0 | D:1      | spaghetti the Octopode Hunter began the quest for the Orb.
     0 | D:1      | Reached XP level 1. HP: 14/14 MP: 1/1
   183 | D:1      | Reached skill level 1 in Staves
   247 | D:1      | Reached XP level 2. HP: 19/19 MP: 2/2
   270 | D:1      | Found Roffurghoch's General Store.
   479 | D:1      | Found a faded altar of an unknown god.
   685 | D:1      | Prayed at the altar of an unknown god.
   685 | D:1      | Became a worshipper of Fedhas Madash
   685 | D:1      | Reached * piety under Fedhas
   961 | D:2      | Reached XP level 3. HP: 24/24 MP: 3/3
  1022 | D:1      | Bought 20 stones for 26 gold pieces
  1106 | D:2      | You fall into a shaft and drop 2 floors!
  1228 | D:4      | Reached XP level 4. HP: 15/29 MP: 4/4
  1418 | D:4      | Reached XP level 5. HP: 20/34 MP: 5/5
  1881 | D:4      | Found a glowing silver altar of Zin.
  1900 | D:4      | Found a shadowy altar of Dithmenos.
  1958 | D:4      | Reached skill level 5 in Throwing
  1958 | D:4      | Reached XP level 6. HP: 39/39 MP: 6/6
  2224 | D:4      | Reached ** piety under Fedhas
  2400 | D:5      | Entered Level 5 of the Dungeon
  2454 | D:5      | Noticed a necrophage
  2466 | D:5      | Killed a necrophage
  2467 | D:5      | Reached XP level 7. HP: 45/45 MP: 7/7
  2566 | D:5      | Reached skill level 5 in Staves
  2647 | D:5      | Noticed Edmund
  2690 | D:5      | Slain by Edmund

Illustrated notes

Levels and vault maps discovered:
D:1:      psy_arrival_spokes, layout_basic,
          shapermc_ecumenical_altar_mp_highgroup, serial_shops,
          nicolae_shop_advertising_works [nicolae_subvault_shop_adworks],
          serial_bayou_crossing
D:2:      layout_loops_ring
D:4:      layout_rooms, nicolae_dithmenos_the_darkroom,
          mainiacjoe_overflow_concentric_impassable, portal_sewer_entry_c,
          minmay_misc_feat_ornament, kennysheep_nondescript,
          minmay_increasing_density
D:5:      layout_loops_ring, fedhas_altar_3, temple_green, serial_shops,
          nicolae_diamond_shop, minmay_diced_spiral, uniq_edmund

Skill      XL: |  1  2  3  4  5  6  7 |
---------------+----------------------+-----
Staves         | 1 2 3 4 5 |  5.0
Dodging        | 3 4 |  4.6
Throwing       | 5 |  5.8
Fighting       | |  2.0
Stealth        | |  1.3

Action                   |  1- 3 |  4- 6 |  7- 9 || total
-------------------------+-------+-------+-------++-------
Melee: Quarterstaff      |    39 |    50 |    40 ||   129
       Constrict         |     7 |    13 |     2 ||    22
       Tentacles         |     6 |    11 |     6 ||    23
       Punch             |     1 |     1 |       ||     2
Throw: Javelin           |     8 |     3 |    11 ||    22
       Stone             |     1 |     4 |       ||     5
       Throwing net      |     1 |       |     1 ||     2
Evoke: Wand              |       |       |     4 ||     4
  Use: Potion            |     1 |     1 |     2 ||     4
 Stab: Sleeping          |     6 |     7 |     1 ||    14
       Held in net/web   |     2 |       |     1 ||     3
Armor: Skin              |     2 |     5 |    17 ||    24
Dodge: Dodged            |    25 |    29 |     7 ||    61
